Map: [ESL] Waterfall

Players

LiquidClem (Clem) - Winner!

  • Race: Terran Terran
  • Spawn Location: 7:00

soO

  • Race: Zerg Zerg
  • Spawn Location: 1:00

Event: TSL 9

VOD

Have the link to the VOD?

Description

Time

  • Played on: July 30, 2022, 12:30 p.m.
  • Length: 7:24

All games in this series

Show
View Real Time Build Order
Export as new Build Order

LiquidClem Terran - Winner!

Build Orders: Reaper Expand 

Get SALT Encoding   

  12  0:00  SCV  
  13  0:12  SCV  
  14  0:16  Supply Depot  
  14  0:24  SCV  
  15  0:38  SCV  
  15  0:39  Barracks  
  16  0:44  Refinery  
  16  0:50  SCV  
  17  1:02  SCV  
  18  1:14  SCV  
  19  1:26  Reaper  
  19  1:27  Orbital Command  
  20  1:40  Command Center  
  20  1:48  Supply Depot  
  20  1:52  SCV  
  21  1:58  Marine  
  22  2:04  SCV  
  23  2:12  Factory  
  23  2:16  SCV  
  23  2:21  Barracks Reactor  
  24  2:28  SCV  
  25  2:40  Command Center  
  25  2:41  SCV  
  26  2:53  Orbital Command  
  26  2:54  SCV  
  27  3:01  Barracks  
  27  3:05  Hellion  
  29  3:07  SCV  
  29  3:12  Hellion  
  32  3:14  Barracks Tech Lab  
  32  3:19  SCV x2  
  34  3:22  Refinery  
  34  3:28  Hellion  
  34  3:31  SCV  
  34  3:33  SCV  
  38  3:34  Hellion  
  38  3:35  Marine  
  38  3:39  Stimpack  
  41  3:43  SCV  
  41  3:47  SCV  
  43  3:52  Orbital Command  
  43  3:54  Marine  
  44  3:56  SCV  
  44  3:57  Starport  
  44  3:59  SCV  
  46  4:04  Marine x2  
  46  4:07  Factory Reactor  
  46  4:08  SCV  
  49  4:11  Supply Depot  
  49  4:12  SCV  
  49  4:13  Marine  
  51  4:18  SCV  
  51  4:20  SCV  
  51  4:22  Marine  
  54  4:25  SCV  
  54  4:27  Marine  
  54  4:30  SCV  
  57  4:31  Marine  
  57  4:34  SCV  
  57  4:35  Supply Depot  
  59  4:39  Marine  
  59  4:40  SCV  
  59  4:42  Orbital Command  
  59  4:44  Marine  
  62  4:46  SCV, Refinery  
  62  4:49  Medivac x2, Marine  
  68  4:54  SCV  
  68  4:57  Hellion, Marine  
  68  4:58  Refinery  
  68  4:59  Supply Depot, Barracks  
  73  5:02  Armory, Marine  
  73  5:03  SCV  
  73  5:06  SCV  
  75  5:08  Marine  
  75  5:10  SCV  
  77  5:19  Supply Depot  
  77  5:20  Marine  
  77  5:21  SCV x2, Factory Tech Lab  
  80  5:22  Supply Depot, SCV, Combat Shield  
  80  5:27  Supply Depot  
  81  5:30  Engineering Bay  
  81  5:32  Marine  
  81  5:33  Engineering Bay, SCV, Marine  
  84  5:36  SCV  
  84  5:41  Siege Tank, Marine  
  89  5:44  SCV  
  89  5:46  SCV  
  89  5:48  Supply Depot  
  91  5:51  Marine  
  91  5:52  Barracks Reactor  
  91  5:53  Marine  
  91  5:54  SCV  
  91  5:56  SCV  
  94  5:57  Medivac  
  94  5:58  Marine  
  94  6:06  SCV  
  94  6:09  SCV, Marine  
  94  6:10  Marine  
  94  6:11  Supply Depot, Medivac  
  100  6:13  SCV  
  100  6:14  Siege Tank  
  100  6:16  Marine  
  102  6:18  SCV  
  102  6:23  SCV  
  104  6:27  Marine  
  104  6:28  Marine  
  104  6:29  Marine  
  104  6:30  Marine  
  102  6:34  Barracks  
  102  6:35  Barracks, SCV  
  102  6:36  SCV  
  102  6:37  Refinery, SCV  
  102  6:39  Marine  
  104  6:45  Supply Depot, Marine  
  104  6:46  Siege Tank, Marine  
  106  6:47  SCV  
  106  6:50  Marine x2  
  106  6:52  SCV  
  110  6:57  Marine  
  110  6:58  SCV  
  110  7:00  Supply Depot  
  112  7:03  Factory, Marine  
  112  7:04  Marine  
Show
View Real Time Build Order
Export as new Build Order

soO Zerg 

Build Orders: Hatch First 

Get SALT Encoding   

  12  0:00  Drone  
  13  0:12  Overlord  
  13  0:17  Drone  
  14  0:30  Drone x2  
  16  0:47  Hatchery  
  15  0:51  Drone  
  15  0:55  Drone  
  17  0:59  Drone  
  18  1:09  Extractor  
  17  1:14  Spawning Pool  
  17  1:17  Drone  
  17  1:20  Drone  
  18  1:27  Drone  
  19  1:38  Drone  
  20  1:50  Drone  
  21  2:00  Queen  
  21  2:01  Zergling x4, Queen  
  27  2:11  Overlord  
  27  2:12  Drone  
  28  2:28  Drone, Hatchery  
  28  2:30  Drone  
  28  2:31  Drone  
  28  2:32  Drone  
  30  2:38  Spore Crawler  
  30  2:41  Queen  
  32  2:47  Metabolic Boost  
  32  2:50  Overlord  
  32  2:54  Drone  
  32  2:57  Drone  
  32  2:58  Drone  
  35  3:04  Drone  
  36  3:10  Drone x4  
  40  3:16  Overlord  
  40  3:19  Queen  
  42  3:21  Drone  
  42  3:26  Drone  
  44  3:36  Drone x2  
  46  3:42  Queen, Drone x2  
  46  3:43  Queen, Drone  
  46  3:45  Drone  
  46  3:48  Drone  
  55  3:53  Overlord  
  55  3:54  Zergling x6  
  58  3:58  Overlord  
  58  4:03  Overlord  
  58  4:05  Overlord  
  58  4:11  Queen, Overlord  
  58  4:13  Drone x2  
  58  4:15  Drone  
  58  4:16  Drone  
  64  4:19  Drone x2  
  64  4:20  Drone  
  64  4:23  Extractor  
  66  4:25  Drone x2  
  66  4:30  Drone x2  
  71  4:31  Drone  
  71  4:32  Evolution Chamber x2  
  71  4:33  Drone  
  71  4:35  Drone  
  71  4:36  Drone  
  71  4:37  Drone  
  73  4:40  Drone x2  
  73  4:41  Drone  
  76  4:49  Queen, Drone x2  
  80  4:54  Overlord  
  80  4:55  Overlord  
  80  4:56  Drone x2  
  80  4:58  Zerg Melee Weapons Level 1  
  82  5:00  Zerg Ground Armor Level 1  
  82  5:03  Overlord  
  82  5:05  Queen  
  84  5:10  Zergling x2  
  84  5:11  Zergling x4  
  84  5:12  Overlord  
  87  5:14  Drone x2  
  87  5:16  Lair  
  87  5:19  Extractor x2  
  87  5:23  Drone  
  87  5:24  Baneling Nest  
  87  5:29  Zergling x10  
  87  5:34  Drone  
  93  5:36  Hatchery  
  93  5:39  Hatchery  
  91  5:44  Zergling x10  
  91  5:49  Zergling x6  
  101  5:50  Zergling x4  
  101  5:53  Drone  
  94  5:58  Zergling x2  
  94  5:59  Zergling x2  
  94  6:02  Zergling x8  
  79  6:11  Zergling x4, Queen  
  79  6:15  Zergling x14  
  83  6:21  Zergling x2  
  83  6:24  Queen  
  75  6:26  Zergling x4  
  56  6:32  Queen  
  56  6:34  Drone  
  56  6:38  Drone x2  
  58  6:41  Drone  
  51  6:47  Queen, Drone  
  51  6:52  Zergling x4  
  51  6:53  Baneling x4  
  58  7:02  Zergling x8  
  58  7:05  Drone x2  
Tags
 
Add a new tag
Caveats
  • Supply blocks, unpowered buildings, or Contaminate may cause inaccurate times.
  • Supply counts are checked every 10 seconds.